 Dungeon Crawl Stone Soup version 0.21-a0-531-gacddea6 (webtiles) character file.

270 slep the Chopper (level 6, -19/46 HPs)
             Began as a Demonspawn Gladiator on Dec 13, 2017.
             Demolished by an ogre
             ... wielding a +0 giant club
              (27 damage)
             ... on level 4 of the Dungeon.
             The game lasted 00:07:11 (1620 turns).

slep the Chopper (Demonspawn Gladiator)             Turns: 1620, Time: 00:07:11

Health: -19/46     AC:  7    Str: 14    XL:     6   Next: 1%
Magic:  6/6        EV: 11    Int:  9    God:
Gold:   143        SH:  8    Dex: 17    Spells: 5/5 levels left

rFire    . . .     SeeInvis .   a - +0 war axe
rCold    . . .     Gourm    .   l - +0 shield
rNeg     . . .     Faith    .   q - +0 scale mail
rPois    .         Spirit   .   c - +0 helmet
rElec    .         Reflect  .   (no cloak)
rCorr    .         Harm     .   (no gloves)
MR       .....                  (no boots)
Stlth    ..........             (no amulet)
HPRegen  0.15/turn              (no ring)
MPRegen  0.10/turn              (no ring)

@: no status effects
A: repulsion field 2, powered by death 1
a: no special abilities


You were on level 4 of the Dungeon.
You were not hungry.

You visited 1 branch of the dungeon, and saw 4 of its levels.

You collected 143 gold pieces.

Inventory:

Hand Weapons
 a - a +0 war axe (weapon)
Missiles
 d - 5 throwing nets (quivered)
Armour
 b - a +0 leather armour
 c - a +0 helmet (worn)
 l - a +0 shield (worn)
 q - a +0 scale mail (worn)
Scrolls
 e - 3 scrolls of enchant armour {unknown}
 h - 3 scrolls of teleportation {unknown}
 i - 3 scrolls of remove curse {unknown}
 p - a scroll of magic mapping {unknown}
 u - a scroll of fear {unknown}
 x - a scroll of identify {unknown}
Potions
 j - a potion of might {unknown}
 k - a potion of curing {unknown}
 m - 2 potions of degeneration {unknown}
 n - a potion of haste {unknown}
 o - 2 potions of invisibility {unknown}
 r - a potion of cancellation {unknown}
 s - a potion of brilliance {unknown}
 t - a potion of heal wounds {unknown}
 w - a potion of mutation {unknown}
Comestibles
 f - 4 bread rations
 g - a meat ration
 v - 5 chunks of flesh


   Skills:
 + Level 2.5 Fighting
 + Level 4.9 Axes
 + Level 1.8 Throwing
 + Level 1.2 Armour
 + Level 3.6 Dodging
 + Level 0.1 Stealth
 + Level 1.2 Shields


You had 5 spell levels left.
You didn't know any spells.

Dungeon Overview and Level Annotations

Branches:
Dungeon (4/15)
 Temple: D:4-7

Altars:
Cheibriados
Elyvilon
Gozag

Annotations:
D:3 frogmouthbird's ghost, amateur DEFE


Innate Abilities, Weirdness & Mutations

You are surrounded by a moderate repulsion field. (EV +3)
You regenerate a little health from kills.


Message History

Your shield and scale mail prevent you from hitting the phantom.
You block the bullfrog skeleton's attack.
The phantom blinks!
You block the ogre's attack. The bullfrog skeleton hits you.
You hit the bullfrog skeleton.
The bullfrog skeleton is almost destroyed.
You hit the ogre. The bullfrog skeleton hits you. The ogre barely misses you.
You hit the bullfrog skeleton.
You destroy the bullfrog skeleton!
You have reached level 6!
Your experience leads to an increase in your attributes!
Increase (S)trength, (I)ntelligence, or (D)exterity?
You feel agile.
You hit the ogre. The ogre hits you with a giant club!
* * * LOW HITPOINT WARNING * * *
You barely miss the ogre.
The ogre is heavily wounded.
The ogre hits you with a giant club!!
Ouch! That really hurt!
You die...

##........#
##......#.>
#.........###
###.......#...#
#...........#.##
#.............
#...O.).....#
#....@......#
#....W..$...#
#...........#
#.#....(....#
#.#.........#
#†#.........#
#<..........#
#.)...........
###.....#.###.


You could see a phantom and an ogre.

Vanquished Creatures
  An ogre (D:4)
  A bullfrog skeleton (D:4)
  2 orc wizards (D:3)
  An adder (D:3)
  2 worms
  3 dart slugs
  3 leopard geckos
  6 orcs
  7 bats
  6 giant cockroaches
  2 goblins (D:3)
  5 hobgoblins
  11 jackals
  2 quokkas
  6 frilled lizards
  11 kobolds
  2 leopard gecko skeletons (D:4)
  6 rats
77 creatures vanquished.

Notes
Turn   | Place    | Note
-------+----------+-------------------------------------------
     0 | D:1      | slep the Demonspawn Gladiator began the quest for the Orb.
     0 | D:1      | Reached XP level 1. HP: 16/16 MP: 1/1
   124 | D:1      | Gained mutation: You are surrounded by a mild repulsion field. (EV +2) [demonic ancestry]
   124 | D:1      | Reached XP level 2. HP: 10/22 MP: 2/2
   191 | D:1      | Reached skill level 3 in Axes
   428 | D:1      | Gained mutation: You regenerate a little health from kills. [demonic ancestry]
   428 | D:1      | Reached XP level 3. HP: 21/27 MP: 3/3
   698 | D:2      | Found an opulent altar of Gozag.
  1117 | D:2      | Found a white marble altar of Elyvilon.
  1352 | D:3      | Gained mutation: You are surrounded by a moderate repulsion field. (EV +3) [demonic ancestry]
  1352 | D:3      | Reached XP level 4. HP: 33/33 MP: 4/4
  1375 | D:3      | Found a snail-covered altar of Cheibriados.
  1529 | D:3      | Reached skill level 4 in Axes
  1529 | D:3      | Reached skill level 1 in Armour
  1537 | D:3      | Reached XP level 5. HP: 38/39 MP: 5/5
  1560 | D:3      | Noticed frogmouthbird's ghost (amateur DEFE)
  1577 | D:4      | Noticed an ogre
  1590 | D:4      | Killed an ogre
  1590 | D:4      | Reached skill level 1 in Shields
  1608 | D:4      | Noticed a phantom
  1609 | D:4      | Noticed an ogre
  1619 | D:4      | Reached XP level 6. HP: 23/46 MP: 6/6
  1620 | D:4      | Demolished by an ogre

Vault maps used:
D:1:      lightli_arrival_boilingwater, grunt_decor_cap, minmay_misc_feat_doors
D:2:      nicolae_gozag_seed_capital, lemuel_crystal_altar, first_bread
D:3:      kennysheep_slug_shrine
D:4:      overflow_temple_1_default

Skill      XL: |  1  2  3  4  5 |
---------------+----------------+-----
Dodging        | 3 |  3.6
Axes           | 3 4 |  4.9
Armour         | 1 |  1.2
Shields        | 1 |  1.2
Fighting       | |  2.5
Throwing       | |  1.8
Stealth        | |  0.1

Action                   |  1- 3 |  4- 6 || total
-------------------------+-------+-------++-------
Melee: War axe           |   110 |    69 ||   179
 Stab: Sleeping          |     1 |       ||     1
  Eat: Chunk             |     1 |     2 ||     3
Armor: Leather armour    |    23 |       ||    23
       Scale mail        |    19 |    43 ||    62
Dodge: Dodged            |    79 |    61 ||   140
Block: Shield            |    19 |    44 ||    63

Table legend:
 A = Spawn XP
 B = Non-spawn XP
 C = Spawn XP percentage of total XP
 D = Spawn monster count
 E = Non-spawn monster count
 F = Spawn count percentage of total count
 G = Total turns spent on level
                    A         B        C        D         E        F      G
               +---------+---------+-------+---------+---------+-------+---------
         Total |       0 |     386 |   0.0 |       0 |      77 |   0.0 |  1620
               +---------+---------+-------+---------+---------+-------+---------
           D:1 |       0 |      52 |   0.0 |       0 |      29 |   0.0 |   614
           D:2 |       0 |      26 |   0.0 |       0 |      14 |   0.0 |   697
           D:3 |       0 |     135 |   0.0 |       0 |      24 |   0.0 |   260
           D:4 |       0 |     173 |   0.0 |       0 |      10 |   0.0 |    49
               +---------+---------+-------+---------+---------+-------+---------
